 Dungeon Crawl Stone Soup version 0.21-a0-538-gd16b88a (webtiles) character file.

114 tidbits the Digger (level 4, -1/32 HPs)
             Began as a Gnoll Earth Elementalist on Dec 15, 2017.
             Slain by an orc
             ... wielding a +0 hand axe
              (6 damage)
             ... on level 3 of the Dungeon.
             The game lasted 00:04:53 (485 turns).

tidbits the Digger (Gnoll Earth Elementalist)        Turns: 485, Time: 00:04:53

Health: -1/32      AC:  2    Str: 10    XL:     4   Next: 97%
Magic:  1/11       EV: 15    Int: 19    God:
Gold:   83         SH:  0    Dex: 15    Spells: 10/13 levels left

rFire    . . .     SeeInvis .   i - +0 dagger
rCold    . . .     Gourm    .   (no shield)
rNeg     . . .     Faith    +   c - +0 robe
rPois    .         Spirit   .   (no helmet)
rElec    .         Reflect  .   (no cloak)
rCorr    .         Harm     .   (no gloves)
MR       .....                  (no boots)
Stlth    +++.......             a - amulet of faith
HPRegen  0.10/turn              (no ring)
MPRegen  0.12/turn              (no ring)

@: no status effects
A: distributed training, fangs 1, strong nose
a: no special abilities


You were on level 3 of the Dungeon.
You were not hungry.

You visited 1 branch of the dungeon, and saw 3 of its levels.

You collected 83 gold pieces.

Inventory:

Hand Weapons
 i - a +0 dagger (weapon)
 q - a +0 hunting sling
Missiles
 b - 153 stones (quivered)
 k - 19 bolts
 n - 24 arrows
Armour
 c - a +0 robe (worn)
Jewellery
 a - an amulet of faith (around neck)
   (You found it on level 1 of the Dungeon)
Scrolls
 h - 2 scrolls of identify {unknown}
 j - 2 scrolls of amnesia {unknown}
 m - a scroll of remove curse {unknown}
 o - a scroll of fear {unknown}
 p - 3 scrolls of teleportation {unknown}
Potions
 f - 2 potions of agility
Books
 e - a book of Geomancy

   Spells                             Type                      Level
   a - Sandblast                      Earth                        1
   b - Passwall                       Transmutation/Earth          2
   c - Stone Arrow                    Conjuration/Earth            3
   d - Petrify                        Transmutation/Earth          4
   e - Lee's Rapid Deconstruction     Earth                        5
Comestibles
 d - a bread ration
 l - 2 meat rations


   Skills:
 + Level 1.2 Fighting
 + Level 1.2 Short Blades
 + Level 1.2 Long Blades
 + Level 1.2 Axes
 + Level 1.2 Maces & Flails
 + Level 1.2 Polearms
 + Level 1.2 Staves
 + Level 1.2 Slings
 + Level 1.2 Bows
 + Level 1.2 Crossbows
 + Level 1.2 Throwing
 + Level 1.2 Armour
 + Level 4.7 Dodging
 + Level 4.3 Stealth
 + Level 1.2 Shields
 + Level 1.2 Unarmed Combat
 + Level 5.1 Spellcasting
 + Level 1.0 Conjurations
 + Level 1.0 Hexes
 + Level 1.0 Charms
 + Level 1.0 Summonings
 + Level 1.0 Necromancy
 + Level 1.0 Translocations
 + Level 2.3 Transmutations
 + Level 1.0 Fire Magic
 + Level 1.0 Ice Magic
 + Level 1.0 Air Magic
 + Level 5.5 Earth Magic
 + Level 1.0 Poison Magic
 + Level 1.4 Invocations
 + Level 1.2 Evocations


You had 10 spell levels left.
You knew the following spells:

 Your Spells              Type           Power        Failure   Level  Hunger
a - Sandblast             Erth           ####..       1%          1    None
w - Passwall              Tmut/Erth      ###.......   3%          2    #......


Dungeon Overview and Level Annotations

Branches:
Dungeon (3/15)

Altars:
Okawaru


Innate Abilities, Weirdness & Mutations

Your experience applies equally to all skills.
You have very sharp teeth.
Your uncanny sense of smell can sniff out nearby items.


Message History

You bite the giant cockroach.
The giant cockroach is heavily wounded.
The giant cockroach completely misses you.
You hit the giant cockroach.
The giant cockroach is almost dead.
The giant cockroach closely misses you.
You barely miss the giant cockroach.
The giant cockroach is almost dead.
The giant cockroach closely misses you.
You hit the giant cockroach but do no damage.
You bite the giant cockroach.
You kill the giant cockroach!
Casting: Sandblast
Confirm with . or Enter, or press ? or * to list all spells.
Aiming: Sandblast
Press: ? - help, Shift-Dir - straight line, f - dart slug
Aim: a dart slug (clinging)
The blast of sand hits the dart slug.
You kill the dart slug!
b - 139 stones
There is a stone staircase leading up here.
You see here a bat corpse.
You see here a kobold corpse.
You see here a frilled lizard corpse.
Found 18 stones.
b - 157 stones (gained 18)
You swing at nothing.
Casting: Sandblast
Confirm with . or Enter, or press ? or * to list all spells.
Which direction?
You begin to meditate on the wall.
You continue meditating on the rock. x3
You finish merging with the rock.
Found 11 gold pieces.
A rat comes into view.
You see here 11 gold pieces.
You now have 83 gold pieces (gained 11).
The rat bites you.
You closely miss the rat. The rat bites you.
You hit the rat.
You kill the rat!
An orc wizard comes into view. It is wielding a dagger.
You see here a rat corpse.
The orc wizard shouts!
The orc wizard points at you and mumbles some strange words.
The puff of frost hits you!
* * * LOW HITPOINT WARNING * * *
A rat and an orc come into view.
Casting: Passwall
Confirm with . or Enter, or press ? or * to list all spells.
Aiming: Sandblast
Press: ? - help, Shift-Dir - straight line, f - rat
Aim: a rat The blast of sand hits the rat.
You kill the rat!
b - 156 stones The orc moves out of view.
An orc and an orc priest come into view.
The orc priest moves out of view.
Casting: Sandblast
Confirm with . or Enter, or press ? or * to list all spells.
Aiming: Sandblast
Press: ? - help, Shift-Dir - straight line, f - orc wizard
Aim: an orc wizard, wielding a dagger and wearing a robe The blast of sand hits the orc wizard.
The orc wizard is heavily wounded.
b - 155 stones The orc shouts!
The orc wizard points at you and mumbles some strange words.
The magic dart hits you!
* * * LOW HITPOINT WARNING * * *
Casting: Sandblast
Confirm with . or Enter, or press ? or * to list all spells.
Aiming: Sandblast
Press: ? - help, Shift-Dir - straight line, f/p - orc wizard
Aim: an orc wizard, wielding a dagger and wearing a robe (heavily wounded)
The blast of sand hits the orc wizard.
The orc wizard is severely wounded.
b - 154 stones
Casting: Sandblast
Confirm with . or Enter, or press ? or * to list all spells.
Aiming: Sandblast
Press: ? - help, Shift-Dir - straight line, f/p - orc wizard
Aim: an orc wizard, wielding a dagger and wearing a robe (severely wounded)
The blast of sand hits the orc wizard.
The orc wizard is almost dead.
b - 153 stones The orc wizard hits you but does no damage.
Casting: Sandblast
Confirm with . or Enter, or press ? or * to list all spells.
You don't have enough magic to cast that spell.
You hit the orc wizard but do no damage.
The orc wizard is almost dead.
It was a potion of agility.
You feel agile all of a sudden.
It was a potion of cancellation.
Your magical effects are unravelling.
You feel magically purged.
You feel a little less agile now. The orc hits you with a hand axe.
You die...

.# #..##..#
....###..# #####
#..# #..#
#############.[)
##.†.............
#.
#..##########...#
#..# ###.## #...#
#..†##.@.# #...#
#ooo### ....#
#....### ###..##
#..o#### ∆
#......#
#......###
#........
#......#


You could see an orc priest (wandering), an orc wizard and 2 orcs.

Vanquished Creatures
  An orc wizard (D:3)
  Natasha (D:2)
  2 adders (D:3)
  A worm (D:2)
  A dart slug (D:3)
  2 orcs (D:3)
  3 giant cockroaches
  6 goblins
  2 hobgoblins
  A quokka (D:2)
  A ball python (D:2)
  3 bats
  5 frilled lizards
  4 kobolds
  3 rats (D:3)
36 creatures vanquished.

Notes
Turn   | Place    | Note
-------+----------+-------------------------------------------
     0 | D:1      | tidbits the Gnoll Earth Elementalist began the quest for the Orb.
     0 | D:1      | Reached XP level 1. HP: 13/13 MP: 6/6
    68 | D:2      | Reached skill level 2 in Transmutations
    86 | D:2      | Reached XP level 2. HP: 19/19 MP: 5/7
    90 | D:2      | Learned a level 2 spell: Passwall
   237 | D:2      | Noticed Natasha
   245 | D:2      | Noticed a crimson imp
   245 | D:2      | Killed Natasha
   245 | D:2      | Reached skill level 5 in Spellcasting
   245 | D:2      | Reached skill level 1 in Invocations
   245 | D:2      | Reached XP level 3. HP: 15/25 MP: 1/9
   278 | D:3      | Reached skill level 1 in Fighting
   278 | D:3      | Reached skill level 1 in Short Blades
   278 | D:3      | Reached skill level 1 in Long Blades
   278 | D:3      | Reached skill level 1 in Axes
   278 | D:3      | Reached skill level 1 in Maces & Flails
   278 | D:3      | Reached skill level 1 in Polearms
   278 | D:3      | Reached skill level 1 in Staves
   278 | D:3      | Reached skill level 1 in Slings
   278 | D:3      | Reached skill level 1 in Bows
   278 | D:3      | Reached skill level 1 in Crossbows
   278 | D:3      | Reached skill level 1 in Throwing
   278 | D:3      | Reached skill level 1 in Armour
   278 | D:3      | Reached skill level 1 in Shields
   278 | D:3      | Reached skill level 1 in Unarmed Combat
   278 | D:3      | Reached skill level 1 in Evocations
   289 | D:3      | Reached XP level 4. HP: 24/32 MP: 0/11
   336 | D:3      | Found an iron altar of Okawaru.
   359 | D:3      | Reached skill level 1 in Conjurations
   359 | D:3      | Reached skill level 1 in Hexes
   359 | D:3      | Reached skill level 1 in Charms
   359 | D:3      | Reached skill level 1 in Summonings
   359 | D:3      | Reached skill level 1 in Necromancy
   359 | D:3      | Reached skill level 1 in Translocations
   359 | D:3      | Reached skill level 1 in Fire Magic
   359 | D:3      | Reached skill level 1 in Ice Magic
   359 | D:3      | Reached skill level 1 in Air Magic
   359 | D:3      | Reached skill level 1 in Poison Magic
   485 | D:3      | Slain by an orc

Vault maps used:
D:1:      roderic_chinese_lattice_arrival
D:2:      tgw_xom, uniq_natasha
D:3:      lemuel_round_altar

Skill      XL: |  1  2  3  4 |
---------------+-------------+-----
Transmutations | 2 |  2.3
Spellcasting   | 5 |  5.1
Invocations    | 1 |  1.4
Fighting       | 1 |  1.2
Short Blades   | 1 |  1.2
Long Blades    | 1 |  1.2
Axes           | 1 |  1.2
Maces & Flails | 1 |  1.2
Polearms       | 1 |  1.2
Staves         | 1 |  1.2
Slings         | 1 |  1.2
Bows           | 1 |  1.2
Crossbows      | 1 |  1.2
Throwing       | 1 |  1.2
Armour         | 1 |  1.2
Shields        | 1 |  1.2
Unarmed Combat | 1 |  1.2
Evocations     | 1 |  1.2
Conjurations   | 1 |  1.0
Hexes          | 1 |  1.0
Charms         | 1 |  1.0
Summonings     | 1 |  1.0
Necromancy     | 1 |  1.0
Translocations | 1 |  1.0
Fire Magic     | 1 |  1.0
Ice Magic      | 1 |  1.0
Air Magic      | 1 |  1.0
Poison Magic   | 1 |  1.0
Dodging        | |  4.7
Stealth        | |  4.3
Earth Magic    | |  5.5

Action                   |  1- 3 |  4- 6 || total
-------------------------+-------+-------++-------
Melee: Dagger            |     8 |    32 ||    40
       Bite              |       |     3 ||     3
 Cast: Sandblast         |    19 |    22 ||    41
       Passwall          |     2 |     1 ||     3
  Use: Potion            |       |     2 ||     2
 Stab: Sleeping          |     4 |       ||     4
Armor: Robe              |       |     8 ||     8
Dodge: Dodged            |     9 |    30 ||    39

Table legend:
 A = Spawn XP
 B = Non-spawn XP
 C = Spawn XP percentage of total XP
 D = Spawn monster count
 E = Non-spawn monster count
 F = Spawn count percentage of total count
 G = Total turns spent on level
                    A         B        C        D         E        F      G
               +---------+---------+-------+---------+---------+-------+---------
         Total |       0 |     163 |   0.0 |       0 |      36 |   0.0 |   485
               +---------+---------+-------+---------+---------+-------+---------
           D:1 |       0 |       6 |   0.0 |       0 |       3 |   0.0 |    56
           D:2 |       0 |      56 |   0.0 |       0 |      13 |   0.0 |   208
           D:3 |       0 |     101 |   0.0 |       0 |      20 |   0.0 |   221
               +---------+---------+-------+---------+---------+-------+---------

Table legend:
 A = Turns spent in this place as a percentage of turns spent in the entire game.
 B = Non-inter-level travel turns spent in this place as a percentage of non-inter-level travel turns spent in the entire game.
 C = Inter-level travel turns spent in this place as a percentage of turns spent in this place.
 D = Turns resting spent in this place as a percentage of non-inter-level travel turns spent in this place.
 E = Turns spent auto-exploring this place as a percentage of non-inter-level travel turns spent in this place.
 F = Non-inter-level travel turns spent in this place divided by the number of levels of this place that you've seen.
                   A       B       C       D       E      F
               +-------+-------+-------+-------+-------+----------------------
         Total | 100.0 | 100.0 |   0.0 |   0.0 |   0.0 | 161.7
       Dungeon | 100.0 | 100.0 |   0.0 |   0.0 |   0.0 | 161.7
               +-------+-------+-------+-------+-------+----------------------

Table legend:
 A = Kills in this place as a percentage of kills in entire the game.
 B = Kills by you in this place as a percentage of kills by you in the entire game.
 C = Kills by friends in this place as a percentage of kills by friends in the entire game.
 D = Other kills in this place as a percentage of other kills in the entire game.
 E = Experience gained in this place as a percentage of experience gained in the entire game.
 F = Experience gained in this place divided by the number of levels of this place that you have seen.
                   A       B       C       D       E      F
               +-------+-------+-------+-------+-------+----------------------
         Total | 100.0 | 100.0 |   N/A |   N/A | 100.0 |  54.3
       Dungeon | 100.0 | 100.0 |   N/A |   N/A | 100.0 |  54.3
               +-------+-------+-------+-------+-------+----------------------

Vault maps used:
D:1:      roderic_chinese_lattice_arrival
D:2:      tgw_xom, uniq_natasha
D:3:      lemuel_round_altar
